Barracuda vs Rocket
(R1)
Created - November 30, 2022 at 19:15
Goals
|
| Barracuda |
0 |
1 |
3 |
4 |
| Rocket |
1 |
0 |
1 |
2 |
|
Shots
|
| Barracuda |
1 |
18 |
15 |
34 |
| Rocket |
11 |
9 |
20 |
40 |
|
1st period
1. Rocket , Peter Holland 9 (Brandon Pirri 15) at 17:42 (PP)
Penalties :
Jiri Sekac (Lav) for Holding (Minor) at 10:03, Logan Stanley (S.J) for Hooking (Minor) at 16:57, Mario Lucia (S.J) for High sticking (Minor) at 19:51
2nd period
2. Barracuda , Kyle Platzer 3 (Alex Henriksson 6, Chris Wagner 9) at 8:48
Penalties :
Danton Heinen (Lav) for Holding (Minor) at 6:35, Kole Sherwood (Lav) for High sticking (Minor) at 13:40
3rd period
3. Barracuda , Justin Shugg 5 (Cole Ully 9, Jerome Gauthier-Leduc 1) at 11:05
4. Barracuda , William Carrier 9 (Brandon Kozun 11, Eric Gustafsson 9) at 11:41
5. Barracuda , Brandon Kozun 7 (William Carrier 11, Emil Pettersson 12) at 14:36
6. Rocket , Adrian Kempe 12 (Danton Heinen 12) at 16:51
Penalties :
Danton Heinen (Lav) for Hooking (Minor) at 0:14, Samuel Groulx (S.J) for Slashing (Minor) at 8:36
Goalie Stats
Joacim Eriksson (S.J), 38 saves from 40 shots - (0.950), W, 5-3-3, 60:00 minutes
Eamon McAdam (Lav), 30 saves from 34 shots - (0.882), L, 0-3-0, 60:00 minutes
Players Stats for Barracuda
Player Name G A P +/- PIM S H SB GA TA FO MP PP MP PK MP
------------------------------------------------------------------------------------
Aleksi Heponiemi 0 0 0 0 0 0 0 0 0 0 0/0 1:01 0:11 0:29
Alex Henriksson 0 1 1 1 0 5 1 0 0 0 0/0 12:27 0:05 0:44
Alex Lintuniemi 0 0 0 0 0 0 0 0 0 0 0/0 0:38 0:00 0:38
Ben Jones 0 0 0 0 0 0 0 0 0 0 0/0 0:00 0:00 0:00
Brandon Kozun 1 1 2 2 0 3 2 1 0 0 2/2 19:03 4:11 0:00
Chris Wagner 0 1 1 1 0 1 1 0 0 0 0/1 11:50 0:02 0:00
Cole Ully 0 1 1 0 0 1 0 0 0 0 2/2 17:20 3:43 1:21
Dennis Cholowski 0 0 0 0 0 0 0 0 0 0 0/0 0:00 0:00 0:00
Drew O'Connor 0 0 0 0 0 0 2 0 0 0 0/0 8:17 0:00 0:00
Emil Pettersson 0 1 1 2 0 1 0 0 0 1 17/29 22:04 4:02 2:53
Eric Gustafsson 0 1 1 2 0 2 2 4 1 1 0/0 27:35 4:35 3:01
Gustav Lindstrom 0 0 0 0 0 0 0 0 0 0 0/0 0:00 0:00 0:00
Jacob Peterson 0 0 0 0 0 0 0 0 0 0 0/0 0:00 0:00 0:00
Jerome Gauthier-Leduc 0 1 1 2 0 0 1 1 0 0 0/0 12:34 0:00 0:56
Jordan Gross 0 0 0 2 0 0 1 0 0 0 0/0 11:38 0:00 0:00
Justin Shugg 1 0 1 0 0 1 0 0 0 0 0/1 15:44 3:43 0:00
Kyle Platzer 1 0 1 1 0 4 0 0 1 0 3/6 11:18 0:00 0:00
Logan Stanley 0 0 0 -1 2 1 2 2 0 0 0/0 21:29 3:21 2:07
Mario Lucia 0 0 0 0 2 2 0 0 0 0 0/0 8:21 0:00 0:00
Noah Gregor 0 0 0 0 0 0 0 1 0 0 2/2 8:17 0:00 0:00
Robin Norell 0 0 0 -1 0 3 0 0 1 0 0/0 20:09 3:21 1:04
Samuel Groulx 0 0 0 2 2 3 2 2 0 1 0/0 26:13 4:35 1:40
Theodor Blueger 0 0 0 0 0 2 4 0 1 1 6/15 17:05 3:43 1:06
Thomas Gobeil 0 0 0 0 0 0 0 0 0 0 0/0 0:00 0:00 0:00
William Carrier 1 1 2 2 0 5 1 1 0 1 0/3 22:11 4:08 2:53
Players Stats for Rocket
Player Name G A P +/- PIM S H SB GA TA FO MP PP MP PK MP
------------------------------------------------------------------------------------
Adrian Kempe 1 0 1 0 0 7 4 1 2 1 2/3 20:46 3:43 2:32
Andrei Mironov 0 0 0 -1 0 2 0 4 0 0 0/0 22:59 2:29 3:23
Andrey Pedan 0 0 0 -1 0 3 3 0 0 0 0/0 26:17 2:29 3:23
Branden Troock 0 0 0 0 0 0 0 0 0 0 0/0 6:03 0:00 0:00
Brandon Pirri 0 1 1 -1 0 2 2 0 0 0 0/0 17:25 1:00 2:05
Corey Trivino 0 0 0 0 0 5 1 0 1 0 12/29 19:41 3:43 1:27
Danton Heinen 0 1 1 -1 4 4 2 0 2 0 1/1 20:30 3:43 2:02
Dean Kukan 0 0 0 -1 0 0 1 2 0 1 0/0 20:54 0:00 0:12
Dominic Turgeon 0 0 0 -1 0 1 0 0 0 1 3/7 12:48 0:00 1:09
Dylan DeMelo 0 0 0 -2 0 0 0 2 0 0 0/0 21:36 2:14 4:21
Guillaume Brisebois 0 0 0 0 0 1 1 0 0 0 0/0 11:03 0:00 0:00
Jack Glover 0 0 0 -1 0 0 1 1 0 1 0/0 17:11 2:14 4:33
Jakub Vrana 0 0 0 -1 0 1 1 0 0 0 0/0 10:23 0:00 2:44
Jiri Sekac 0 0 0 -1 2 1 1 1 0 0 0/0 12:19 0:00 0:00
Karson Kuhlman 0 0 0 -1 0 5 1 0 0 0 4/8 10:49 0:00 3:53
Kole Sherwood 0 0 0 -1 2 1 1 0 0 0 0/0 10:54 0:00 0:00
Peter Holland 1 0 1 -1 0 3 3 4 0 0 7/12 15:11 1:00 0:00
Scott Wilson 0 0 0 -1 0 4 3 0 0 0 0/1 15:11 1:00 0:00
3 Stars
1 - Brandon Kozun (S.J)
2 - William Carrier (S.J)
3 - Joacim Eriksson (S.J)
Power Play
Barracuda - 0 on 4 Attempt(s) - 0.00%
Rocket - 1 on 3 Attempt(s) - 33.33%
Penalty Kill
Barracuda - 2 on 3 Attempt(s) - 66.67%
- Score 0 goal in Penalty Kill
Rocket - 4 on 4 Attempt(s) - 100.00%
- Score 0 goal in Penalty Kill
Team Stat
Barracuda - Hits : 19 - Faceoff Wins : 32 - Blocked Shots : 12 - Penalty Minutes : 6
Rocket - Hits : 25 - Faceoff Wins : 29 - Blocked Shots : 15 - Penalty Minutes : 8
Official
Referees : Justin St. Pierre and Conor O'Donnell
Linesman : Michel Cormier and Jesse Marquis
Game Notes
No Game Note
Finance
Level 1 -- Attendance: 1905 (95.25%) -- Ticket Income $66,675
Level 2 -- Attendance: 893 (89.30%) -- Ticket Income $13,395
Total Attendance: 2798 (93.27%)
Total Ticket Income: $80,070
Other Income: $4,004
Total Income: $84,074
Barracuda
5 vs 5 Forward
Center Left Wing Right Wing Time % Phy DF OF
1 Emil Pettersson William Carrier Brandon Kozun 40 1 2 2
2 Theodor Blueger Cole Ully Justin Shugg 30 1 2 2
3 Kyle Platzer Alex Henriksson Chris Wagner 20 1 2 2
4 Noah Gregor Drew O'Connor Mario Lucia 10 1 2 2
5 vs 5 Defense
Defense Defense Time % Phy DF OF
1 Eric Gustafsson Samuel Groulx 40 1 2 2
2 Robin Norell Logan Stanley 30 1 2 2
3 Jerome Gauthier-Leduc Jordan Gross 20 1 2 2
4 Eric Gustafsson Samuel Groulx 10 1 2 2
PowerPlay Forward
Center Left Wing Right Wing Time % Phy DF OF
1 Emil Pettersson William Carrier Brandon Kozun 60 1 2 2
2 Theodor Blueger Cole Ully Justin Shugg 40 1 2 2
PowerPlay Defense
Defense Defense Time % Phy DF OF
1 Eric Gustafsson Samuel Groulx 60 1 2 2
2 Robin Norell Logan Stanley 40 1 2 2
Penalty Kill 4 Players Forward
Center Wing Time % Phy DF OF
1 Emil Pettersson William Carrier 60 1 2 2
2 Theodor Blueger Cole Ully 40 1 2 2
Penalty Kill 4 Players Defense
Defense Defense Time % Phy DF OF
1 Eric Gustafsson Samuel Groulx 60 1 2 2
2 Robin Norell Logan Stanley 40 1 2 2
Penalty Kill - 3 Players Forward
Forward Time % Phy DF OF
1 Emil Pettersson 60 1 2 2
2 Theodor Blueger 40 1 2 2
Penalty Kill - 3 Players Defense
Defense Defense Time % Phy DF OF
1 Eric Gustafsson Samuel Groulx 60 1 2 2
2 Robin Norell Logan Stanley 40 1 2 2
4 vs 4 Forward
Center Wing Time % Phy DF OF
1 Emil Pettersson William Carrier 60 1 2 2
2 Theodor Blueger Cole Ully 40 1 2 2
4 vs 4 Defense
Defense Defense Time % Phy DF OF
1 Eric Gustafsson Samuel Groulx 60 1 2 2
2 Robin Norell Logan Stanley 40 1 2 2
Last Minutes Offensive
Center Left Wing Right Wing Defense Defense
Emil Pettersson William Carrier Brandon Kozun Eric Gustafsson Samuel Groulx
Last Minutes Defensive
Center Left Wing Right Wing Defense Defense
Emil Pettersson William Carrier Brandon Kozun Eric Gustafsson Samuel Groulx
Goaltenders
Starting : Joacim Eriksson
Backup : Oscar Dansk
Extra Forwards
Normal : Cole Ully, Theodor Blueger, Chris Wagner - PP : Cole Ully, Theodor Blueger - PK : Cole Ully
Extra Defensemen
Normal : Logan Stanley, Jerome Gauthier-Leduc, Jordan Gross - PP : Logan Stanley - PK : Logan Stanley, Jerome Gauthier-Leduc
Penalty Shots
Brandon Kozun, William Carrier, Emil Pettersson, Justin Shugg, Cole Ully
Scratches
Scott Reedy (Healthy), Jaedon Descheneau (Healthy), Alexei Toropchenko (Healthy), Kevin Lankinen (Healthy)
Rocket
5 vs 5 Forward
Center Left Wing Right Wing Time % Phy DF OF
1 Corey Trivino Adrian Kempe Danton Heinen 40 0 2 3
2 Peter Holland Brandon Pirri Scott Wilson 30 0 2 3
3 Dominic Turgeon Jiri Sekac Kole Sherwood 20 0 2 3
4 Karson Kuhlman Jakub Vrana Branden Troock 10 1 2 2
5 vs 5 Defense
Defense Defense Time % Phy DF OF
1 Andrey Pedan Dean Kukan 40 0 3 2
2 Dylan DeMelo Andrei Mironov 30 0 3 2
3 Guillaume Brisebois Jack Glover 20 0 3 2
4 Andrei Mironov Andrey Pedan 10 0 3 2
PowerPlay Forward
Center Left Wing Right Wing Time % Phy DF OF
1 Corey Trivino Adrian Kempe Danton Heinen 60 0 1 4
2 Peter Holland Brandon Pirri Scott Wilson 40 0 1 4
PowerPlay Defense
Defense Defense Time % Phy DF OF
1 Dylan DeMelo Jack Glover 60 0 1 4
2 Andrey Pedan Andrei Mironov 40 0 1 4
Penalty Kill 4 Players Forward
Center Wing Time % Phy DF OF
1 Karson Kuhlman Danton Heinen 60 0 4 1
2 Dominic Turgeon Brandon Pirri 40 0 4 1
Penalty Kill 4 Players Defense
Defense Defense Time % Phy DF OF
1 Jack Glover Dylan DeMelo 60 0 5 0
2 Andrey Pedan Andrei Mironov 40 0 5 0
Penalty Kill - 3 Players Forward
Forward Time % Phy DF OF
1 Dominic Turgeon 60 0 5 0
2 Karson Kuhlman 40 0 5 0
Penalty Kill - 3 Players Defense
Defense Defense Time % Phy DF OF
1 Guillaume Brisebois Dean Kukan 60 0 5 0
2 Andrey Pedan Andrei Mironov 40 0 5 0
4 vs 4 Forward
Center Wing Time % Phy DF OF
1 Peter Holland Danton Heinen 60 1 2 2
2 Corey Trivino Brandon Pirri 40 1 2 2
4 vs 4 Defense
Defense Defense Time % Phy DF OF
1 Guillaume Brisebois Dean Kukan 60 1 2 2
2 Andrey Pedan Andrei Mironov 40 1 2 2
Last Minutes Offensive
Center Left Wing Right Wing Defense Defense
Corey Trivino Adrian Kempe Danton Heinen Andrey Pedan Dylan DeMelo
Last Minutes Defensive
Center Left Wing Right Wing Defense Defense
Corey Trivino Jiri Sekac Danton Heinen Andrei Mironov Andrey Pedan
Goaltenders
Starting : Eamon McAdam
Backup : Igor Shesterkin
Extra Forwards
Normal : Jiri Sekac, Dominic Turgeon, Jakub Vrana - PP : Jiri Sekac, Dominic Turgeon - PK : Jakub Vrana
Extra Defensemen
Normal : Dylan DeMelo, Jack Glover, Andrey Pedan - PP : Dylan DeMelo - PK : Jack Glover, Andrey Pedan
Penalty Shots
Scott Wilson, Danton Heinen, Corey Trivino, Brandon Pirri, Adrian Kempe
Scratches
Dalton Smith (Healthy), Daniel Sprong (Healthy), Reese Johnson (Healthy), Mason Appleton (Healthy), Ryan Collins (Healthy)
Sergey Tolchinsky (Healthy), Ty Rattie (Healthy), Tyler Lewington (Healthy), MacKenzie Entwistle (Healthy), Luke Kunin (Healthy)
Mikhail Maltsev (Healthy)
% Time on Ice - Barracuda
Lines # - Real PCT - Wanted PCT - Time Play
Normal Forward
1 - 33% - 40% - 15:45
2 - 25% - 30% - 12:01
3 - 24% - 20% - 11:18
4 - 17% - 10% - 8:17
Normal Defense
1 - 40% - 40% - 19:07
2 - 33% - 30% - 15:44
3 - 25% - 20% - 11:38
4 - 2% - 10% - 0:52
PP Forward
1 - 53% - 60% - 4:13
2 - 47% - 40% - 3:43
PP Defense
1 - 58% - 60% - 4:35
2 - 42% - 40% - 3:21
PK Forward
1 - 77% - 60% - 3:37
2 - 23% - 40% - 1:06
PK Defense
1 - 77% - 60% - 3:39
2 - 23% - 40% - 1:04
PK3 Forward
1 - 0% - 60%
2 - 0% - 40%
PK3 Defense
1 - 0% - 60%
2 - 0% - 40%
44 Forward
1 - 0% - 60%
2 - 0% - 40%
44 Defense
1 - 0% - 60%
2 - 0% - 40%
Last Minute Offensive - 0:00
Last Minute Defensive - 0:00
Total
Forward - 60:00
Defense - 60:00
|
% Time on Ice - Rocket
Lines # - Real PCT - Wanted PCT - Time Play
Normal Forward
1 - 34% - 40% - 16:07
2 - 30% - 30% - 14:20
3 - 23% - 20% - 10:51
4 - 13% - 10% - 6:03
Normal Defense
1 - 43% - 40% - 20:10
2 - 30% - 30% - 14:20
3 - 24% - 20% - 11:15
4 - 3% - 10% - 1:36
PP Forward
1 - 79% - 60% - 3:43
2 - 21% - 40% - 1:00
PP Defense
1 - 47% - 60% - 2:14
2 - 53% - 40% - 2:29
PK Forward
1 - 82% - 60% - 6:31
2 - 18% - 40% - 1:25
PK Defense
1 - 57% - 60% - 4:33
2 - 43% - 40% - 3:23
PK3 Forward
1 - 0% - 60%
2 - 0% - 40%
PK3 Defense
1 - 0% - 60%
2 - 0% - 40%
44 Forward
1 - 0% - 60%
2 - 0% - 40%
44 Defense
1 - 0% - 60%
2 - 0% - 40%
Last Minute Offensive - 0:00
Last Minute Defensive - 0:00
Total
Forward - 60:00
Defense - 60:00
|
Play-by-Play
1st period
0:01 of 1st period - Corey Trivino wins face-off versus Emil Pettersson in neutral zone.
1:10 of 1st period - Robin Norell is hit by Karson Kuhlman and loses puck.
1:17 of 1st period - Snap shot by Karson Kuhlman.
1:17 of 1st period - Stopped by Joacim Eriksson with a rebound.
1:19 of 1st period - Slapshot by Dylan DeMelo.
1:19 of 1st period - Shot Blocked by Logan Stanley.
1:38 of 1st period - William Carrier is hit by Danton Heinen and loses puck.
1:48 of 1st period - Off-side.
1:49 of 1st period - Theodor Blueger wins face-off versus Peter Holland in neutral zone.
1:54 of 1st period - Brandon Pirri is hit by Jerome Gauthier-Leduc and loses puck.
2:10 of 1st period - Jordan Gross is hit by Andrey Pedan and loses puck.
2:29 of 1st period - Wrist shot by Scott Wilson.
2:29 of 1st period - Shot Misses the Net.
2:31 of 1st period - Slapshot by Scott Wilson.
2:31 of 1st period - Stopped by Joacim Eriksson with a rebound.
2:35 of 1st period - Snap shot by Brandon Pirri.
2:35 of 1st period - Shot Blocked by Jerome Gauthier-Leduc.
2:37 of 1st period - Slapshot by Scott Wilson.
2:37 of 1st period - Stopped by Joacim Eriksson without a rebound.
2:38 of 1st period - Corey Trivino wins face-off versus Emil Pettersson in Barracuda zone.
3:16 of 1st period - Off-side.
3:17 of 1st period - Dominic Turgeon wins face-off versus Emil Pettersson in neutral zone.
3:28 of 1st period - Snap shot by Jiri Sekac.
3:28 of 1st period - Stopped by Joacim Eriksson with a rebound.
3:30 of 1st period - Slapshot by Dean Kukan.
3:30 of 1st period - Shot Blocked by Eric Gustafsson.
3:32 of 1st period - Snap shot by Dean Kukan.
3:32 of 1st period - Shot Misses the Net.
4:06 of 1st period - Robin Norell is hit by Guillaume Brisebois and loses puck.
4:32 of 1st period - Corey Trivino is hit by Theodor Blueger and loses puck.
5:29 of 1st period - Snap shot by Mario Lucia.
5:29 of 1st period - Deflect By Drew O'Connor.
5:29 of 1st period - Shot Misses the Net.
5:29 of 1st period - Puck is out of play.
5:30 of 1st period - Noah Gregor wins face-off versus Peter Holland in Rocket zone.
5:37 of 1st period - Brandon Pirri is hit by Drew O'Connor and loses puck.
5:46 of 1st period - Wrist shot by Guillaume Brisebois.
5:46 of 1st period - Shot Misses the Net.
5:48 of 1st period - Snap shot by Brandon Pirri.
5:48 of 1st period - Shot Misses the Net.
6:02 of 1st period - Icing by Andrei Mironov.
6:03 of 1st period - Emil Pettersson wins face-off versus Peter Holland in Rocket zone.
6:04 of 1st period - Wrist shot by William Carrier.
6:04 of 1st period - Shot Misses the Net.
6:17 of 1st period - Peter Holland is hit by Brandon Kozun and loses puck.
6:49 of 1st period - Snap shot by Scott Wilson.
6:49 of 1st period - Stopped by Joacim Eriksson without a rebound.
6:50 of 1st period - Theodor Blueger wins face-off versus Corey Trivino in Barracuda zone.
6:55 of 1st period - Snap shot by Danton Heinen.
6:55 of 1st period - Shot Misses the Net.
7:46 of 1st period - Snap shot by Dominic Turgeon.
7:46 of 1st period - Stopped by Joacim Eriksson without a rebound.
7:47 of 1st period - Emil Pettersson wins face-off versus Adrian Kempe in Barracuda zone.
7:54 of 1st period - Snap shot by Brandon Kozun.
7:54 of 1st period - Shot Misses the Net.
7:56 of 1st period - Slapshot by William Carrier.
7:56 of 1st period - Shot Blocked by Andrei Mironov.
7:58 of 1st period - Slapshot by William Carrier.
7:58 of 1st period - Deflect By Dylan DeMelo.
7:58 of 1st period - Shot Misses the Net.
7:58 of 1st period - Puck is out of play.
7:59 of 1st period - Brandon Kozun wins face-off versus Corey Trivino in Rocket zone.
8:00 of 1st period - Wrist shot by William Carrier.
8:00 of 1st period - Stopped by Eamon McAdam with a rebound.
8:26 of 1st period - Kyle Platzer is hit by Jiri Sekac and loses puck.
9:31 of 1st period - Snap shot by Corey Trivino.
9:31 of 1st period - Stopped by Joacim Eriksson with a rebound.
9:55 of 1st period - Wrist shot by Kyle Platzer.
9:55 of 1st period - Shot Misses the Net.
9:57 of 1st period - Snap shot by Kyle Platzer.
9:57 of 1st period - Shot Blocked by Jiri Sekac.
10:03 of 1st period - Minor Penalty to Jiri Sekac for Holding.
10:04 of 1st period - Emil Pettersson wins face-off versus Karson Kuhlman in Rocket zone.
10:17 of 1st period - Wrist shot by Brandon Kozun.
10:17 of 1st period - Shot Misses the Net.
10:33 of 1st period - Eric Gustafsson is hit by Danton Heinen and loses puck.
12:03 of 1st period - Penalty to Jiri Sekac is over, Jiri Sekac is back on ice.
13:25 of 1st period - Brandon Pirri is hit by Theodor Blueger and loses puck.
13:51 of 1st period - Dominic Turgeon is hit by Jordan Gross and loses puck.
14:19 of 1st period - Eric Gustafsson is hit by Andrey Pedan and loses puck.
14:52 of 1st period - Off-side.
14:53 of 1st period - Emil Pettersson wins face-off versus Dominic Turgeon in neutral zone.
16:26 of 1st period - Guillaume Brisebois is hit by Eric Gustafsson and loses puck.
16:51 of 1st period - Snap shot by Adrian Kempe.
16:51 of 1st period - Shot Blocked by Logan Stanley.
16:57 of 1st period - Minor Penalty to Logan Stanley for Hooking.
16:58 of 1st period - Emil Pettersson wins face-off versus Corey Trivino in Barracuda zone.
17:21 of 1st period - Eric Gustafsson is hit by Andrey Pedan and loses puck.
17:40 of 1st period - Snap shot by Peter Holland.
17:40 of 1st period - Stopped by Joacim Eriksson without a rebound.
17:41 of 1st period - Peter Holland wins face-off versus Theodor Blueger in Barracuda zone.
17:42 of 1st period - Snap shot by Brandon Pirri.
17:42 of 1st period - Deflect By Peter Holland.
17:42 of 1st period - Goal by Peter Holland - Barracuda : 0 - Rocket : 1.
17:43 of 1st period - Emil Pettersson wins face-off versus Corey Trivino in neutral zone.
17:50 of 1st period - Snap shot by William Carrier.
17:50 of 1st period - Shot Blocked by Dean Kukan.
18:08 of 1st period - Eric Gustafsson is hit by Brandon Pirri and loses puck.
18:56 of 1st period - Snap shot by Karson Kuhlman.
18:56 of 1st period - Stopped by Joacim Eriksson with a rebound.
19:41 of 1st period - Snap shot by Kole Sherwood.
19:41 of 1st period - Stopped by Joacim Eriksson with a rebound.
19:51 of 1st period - Minor Penalty to Mario Lucia for High sticking.
19:52 of 1st period - Emil Pettersson wins face-off versus Corey Trivino in Barracuda zone.
Goals for this period are 0 for Barracuda vs 1 for Rocket.
Shots for this period are 1 for Barracuda vs 11 for Rocket.
2nd period
0:01 of 2nd period - Corey Trivino wins face-off versus Emil Pettersson in neutral zone.
0:44 of 2nd period - Logan Stanley is hit by Peter Holland and loses puck.
1:51 of 2nd period - Penalty to Mario Lucia is over, Mario Lucia is back on ice.
2:17 of 2nd period - Icing by Andrey Pedan.
2:18 of 2nd period - Karson Kuhlman wins face-off versus Theodor Blueger in Rocket zone.
2:41 of 2nd period - Off-side.
2:42 of 2nd period - Kyle Platzer wins face-off versus Dominic Turgeon in neutral zone.
3:07 of 2nd period - Samuel Groulx is hit by Scott Wilson and loses puck.
3:32 of 2nd period - Slapshot by Eric Gustafsson.
3:32 of 2nd period - Deflect By Scott Wilson.
3:32 of 2nd period - Stopped by Eamon McAdam without a rebound.
3:33 of 2nd period - Emil Pettersson wins face-off versus Corey Trivino in Rocket zone.
3:34 of 2nd period - Slapshot by Brandon Kozun.
3:34 of 2nd period - Stopped by Eamon McAdam with a rebound.
4:27 of 2nd period - Snap shot by Peter Holland.
4:27 of 2nd period - Shot Misses the Net.
4:29 of 2nd period - Wrist shot by Scott Wilson.
4:29 of 2nd period - Shot Blocked by Noah Gregor.
4:43 of 2nd period - Snap shot by William Carrier.
4:43 of 2nd period - Stopped by Eamon McAdam with a rebound.
4:45 of 2nd period - Slapshot by Jordan Gross.
4:45 of 2nd period - Shot Misses the Net.
5:05 of 2nd period - Snap shot by Corey Trivino.
5:05 of 2nd period - Shot Blocked by Samuel Groulx.
5:07 of 2nd period - Slapshot by Dylan DeMelo.
5:07 of 2nd period - Deflect By Adrian Kempe.
5:07 of 2nd period - Shot Misses the Net.
5:07 of 2nd period - Puck is out of play.
5:08 of 2nd period - Peter Holland wins face-off versus Kyle Platzer in Barracuda zone.
5:13 of 2nd period - Wrist shot by Peter Holland.
5:13 of 2nd period - Deflect By Brandon Pirri.
5:13 of 2nd period - Stopped by Joacim Eriksson with a rebound.
5:15 of 2nd period - Slapshot by Peter Holland.
5:15 of 2nd period - Stopped by Joacim Eriksson with a rebound.
5:17 of 2nd period - Wrist shot by Scott Wilson.
5:17 of 2nd period - Stopped by Joacim Eriksson with a rebound.
5:19 of 2nd period - Snap shot by Andrey Pedan.
5:19 of 2nd period - Deflect By Eric Gustafsson.
5:19 of 2nd period - Stopped by Joacim Eriksson without a rebound.
5:20 of 2nd period - Adrian Kempe wins face-off versus William Carrier in Barracuda zone.
5:21 of 2nd period - Wrist shot by Danton Heinen.
5:21 of 2nd period - Stopped by Joacim Eriksson with a rebound.
5:23 of 2nd period - Snap shot by Danton Heinen.
5:23 of 2nd period - Stopped by Joacim Eriksson with a rebound.
5:45 of 2nd period - Justin Shugg is hit by Scott Wilson and loses puck.
6:26 of 2nd period - Snap shot by Jakub Vrana.
6:26 of 2nd period - Shot Misses the Net.
6:32 of 2nd period - Wrist shot by Brandon Kozun.
6:32 of 2nd period - Stopped by Eamon McAdam without a rebound.
6:33 of 2nd period - Corey Trivino wins face-off versus Theodor Blueger in Rocket zone.
6:35 of 2nd period - Minor Penalty to Danton Heinen for Holding.
6:36 of 2nd period - Karson Kuhlman wins face-off versus Emil Pettersson in Rocket zone.
8:35 of 2nd period - Penalty to Danton Heinen is over, Danton Heinen is back on ice.
8:42 of 2nd period - Snap shot by Chris Wagner.
8:42 of 2nd period - Shot Misses the Net.
8:44 of 2nd period - Slapshot by Kyle Platzer.
8:44 of 2nd period - Shot Blocked by Dylan DeMelo.
8:46 of 2nd period - Wrist shot by Alex Henriksson.
8:46 of 2nd period - Stopped by Eamon McAdam with a rebound.
8:48 of 2nd period - Wrist shot by Kyle Platzer.
8:48 of 2nd period - Goal by Kyle Platzer - Barracuda : 1 - Rocket : 1.
8:49 of 2nd period - Emil Pettersson wins face-off versus Corey Trivino in neutral zone.
9:14 of 2nd period - Samuel Groulx is hit by Brandon Pirri and loses puck.
10:37 of 2nd period - Snap shot by Karson Kuhlman.
10:37 of 2nd period - Stopped by Joacim Eriksson without a rebound.
10:38 of 2nd period - Karson Kuhlman wins face-off versus Theodor Blueger in Barracuda zone.
10:41 of 2nd period - Snap shot by Karson Kuhlman.
10:41 of 2nd period - Stopped by Joacim Eriksson without a rebound.
10:42 of 2nd period - Theodor Blueger wins face-off versus Corey Trivino in Barracuda zone.
10:42 of 2nd period - Theodor Blueger is hit by Adrian Kempe.
10:45 of 2nd period - Icing by Justin Shugg.
10:46 of 2nd period - Corey Trivino wins face-off versus Theodor Blueger in Barracuda zone.
11:03 of 2nd period - Wrist shot by Danton Heinen.
11:03 of 2nd period - Shot Misses the Net.
11:27 of 2nd period - Jerome Gauthier-Leduc is hit by Peter Holland and loses puck.
11:35 of 2nd period - Off-side.
11:36 of 2nd period - Corey Trivino wins face-off versus Justin Shugg in neutral zone.
11:39 of 2nd period - Justin Shugg is hit by Corey Trivino.
12:03 of 2nd period - Dominic Turgeon is hit by Alex Henriksson.
12:06 of 2nd period - Icing by Kole Sherwood.
12:07 of 2nd period - Dominic Turgeon wins face-off versus Kyle Platzer in Rocket zone.
12:14 of 2nd period - Snap shot by Kyle Platzer.
12:14 of 2nd period - Shot Misses the Net.
12:22 of 2nd period - Slapshot by Robin Norell.
12:22 of 2nd period - Shot Misses the Net.
13:40 of 2nd period - Minor Penalty to Kole Sherwood for High sticking.
13:41 of 2nd period - Karson Kuhlman wins face-off versus Emil Pettersson in Rocket zone.
13:49 of 2nd period - Backhand shot by Samuel Groulx.
13:49 of 2nd period - Deflect By Andrey Pedan.
13:49 of 2nd period - Stopped by Eamon McAdam with a rebound.
15:40 of 2nd period - Penalty to Kole Sherwood is over, Kole Sherwood is back on ice.
15:49 of 2nd period - Scott Wilson is hit by Drew O'Connor and loses puck.
15:54 of 2nd period - Slapshot by Mario Lucia.
15:54 of 2nd period - Shot Misses the Net.
16:27 of 2nd period - Icing by Brandon Pirri.
16:28 of 2nd period - Noah Gregor wins face-off versus Peter Holland in Rocket zone.
16:37 of 2nd period - Theodor Blueger is hit by Kole Sherwood and loses puck.
16:58 of 2nd period - Brandon Kozun is hit by Adrian Kempe and loses puck.
17:05 of 2nd period - Emil Pettersson is hit by Adrian Kempe and loses puck.
17:11 of 2nd period - Icing by Samuel Groulx.
17:12 of 2nd period - Peter Holland wins face-off versus Emil Pettersson in Barracuda zone.
17:22 of 2nd period - Slapshot by Peter Holland.
17:22 of 2nd period - Shot Misses the Net.
17:24 of 2nd period - Snap shot by Guillaume Brisebois.
17:24 of 2nd period - Shot Misses the Net.
17:26 of 2nd period - Snap shot by Brandon Pirri.
17:26 of 2nd period - Shot Blocked by William Carrier.
17:28 of 2nd period - Wrist shot by Brandon Pirri.
17:28 of 2nd period - Shot Misses the Net.
17:46 of 2nd period - Slapshot by Adrian Kempe.
17:46 of 2nd period - Stopped by Joacim Eriksson with a rebound.
17:48 of 2nd period - Snap shot by Andrei Mironov.
17:48 of 2nd period - Shot Misses the Net.
18:00 of 2nd period - Slapshot by Eric Gustafsson.
18:00 of 2nd period - Stopped by Eamon McAdam with a rebound.
18:02 of 2nd period - Snap shot by Kyle Platzer.
18:02 of 2nd period - Shot Misses the Net.
18:04 of 2nd period - Slapshot by Samuel Groulx.
18:04 of 2nd period - Stopped by Eamon McAdam with a rebound.
18:06 of 2nd period - Slapshot by Samuel Groulx.
18:06 of 2nd period - Stopped by Eamon McAdam without a rebound.
18:07 of 2nd period - Kyle Platzer wins face-off versus Corey Trivino in Rocket zone.
18:10 of 2nd period - Backhand shot by Alex Henriksson.
18:10 of 2nd period - Stopped by Eamon McAdam with a rebound.
18:12 of 2nd period - Snap shot by Alex Henriksson.
18:12 of 2nd period - Stopped by Eamon McAdam with a rebound.
18:14 of 2nd period - Snap shot by Alex Henriksson.
18:14 of 2nd period - Stopped by Eamon McAdam without a rebound.
18:15 of 2nd period - Adrian Kempe wins face-off versus Chris Wagner in Rocket zone.
18:15 of 2nd period - Adrian Kempe is hit by Chris Wagner.
18:47 of 2nd period - Snap shot by Chris Wagner.
18:47 of 2nd period - Stopped by Eamon McAdam with a rebound.
18:49 of 2nd period - Slapshot by Logan Stanley.
18:49 of 2nd period - Stopped by Eamon McAdam with a rebound.
18:51 of 2nd period - Snap shot by Kyle Platzer.
18:51 of 2nd period - Stopped by Eamon McAdam without a rebound.
18:52 of 2nd period - Peter Holland wins face-off versus William Carrier in Rocket zone.
19:01 of 2nd period - Wrist shot by William Carrier.
19:01 of 2nd period - Stopped by Eamon McAdam without a rebound.
19:02 of 2nd period - Peter Holland wins face-off versus Emil Pettersson in Rocket zone.
19:07 of 2nd period - Wrist shot by Brandon Kozun.
19:07 of 2nd period - Shot Misses the Net.
19:09 of 2nd period - Snap shot by Emil Pettersson.
19:09 of 2nd period - Stopped by Eamon McAdam with a rebound.
19:11 of 2nd period - Snap shot by Brandon Kozun.
19:11 of 2nd period - Shot Misses the Net.
19:13 of 2nd period - Slapshot by Samuel Groulx.
19:13 of 2nd period - Shot Blocked by Peter Holland.
19:15 of 2nd period - Slapshot by Samuel Groulx.
19:15 of 2nd period - Deflect By William Carrier.
19:15 of 2nd period - Shot Blocked by Peter Holland.
19:15 of 2nd period - Puck is out of play.
19:16 of 2nd period - Emil Pettersson wins face-off versus Corey Trivino in Rocket zone.
19:50 of 2nd period - Justin Shugg is hit by Dean Kukan and loses puck.
Goals for this period are 1 for Barracuda vs 0 for Rocket.
Shots for this period are 18 for Barracuda vs 9 for Rocket.
3rd period
0:01 of 3rd period - Corey Trivino wins face-off versus William Carrier in neutral zone.
0:14 of 3rd period - Minor Penalty to Danton Heinen for Hooking.
0:15 of 3rd period - Emil Pettersson wins face-off versus Karson Kuhlman in Rocket zone.
0:21 of 3rd period - Snap shot by Brandon Kozun.
0:21 of 3rd period - Shot Blocked by Dylan DeMelo.
2:14 of 3rd period - Penalty to Danton Heinen is over, Danton Heinen is back on ice.
2:47 of 3rd period - Logan Stanley is hit by Peter Holland and loses puck.
3:02 of 3rd period - Dean Kukan is hit by Logan Stanley.
3:14 of 3rd period - Wrist shot by Karson Kuhlman.
3:14 of 3rd period - Stopped by Joacim Eriksson with a rebound.
4:07 of 3rd period - Scott Wilson is hit by Eric Gustafsson and loses puck.
4:18 of 3rd period - Robin Norell is hit by Jakub Vrana and loses puck.
4:50 of 3rd period - Snap shot by Noah Gregor.
4:50 of 3rd period - Shot Blocked by Andrei Mironov.
5:00 of 3rd period - Brandon Pirri is hit by Theodor Blueger and loses puck.
5:07 of 3rd period - Slapshot by Theodor Blueger.
5:07 of 3rd period - Stopped by Eamon McAdam with a rebound.
5:23 of 3rd period - Wrist shot by Adrian Kempe.
5:23 of 3rd period - Stopped by Joacim Eriksson without a rebound.
5:24 of 3rd period - Corey Trivino wins face-off versus Theodor Blueger in Barracuda zone.
5:25 of 3rd period - Wrist shot by Adrian Kempe.
5:25 of 3rd period - Stopped by Joacim Eriksson without a rebound.
5:26 of 3rd period - Corey Trivino wins face-off versus Theodor Blueger in Barracuda zone.
5:27 of 3rd period - Snap shot by Danton Heinen.
5:27 of 3rd period - Shot Misses the Net.
5:29 of 3rd period - Wrist shot by Corey Trivino.
5:29 of 3rd period - Shot Misses the Net.
5:31 of 3rd period - Slapshot by Guillaume Brisebois.
5:31 of 3rd period - Stopped by Joacim Eriksson with a rebound.
5:37 of 3rd period - Slapshot by Corey Trivino.
5:37 of 3rd period - Shot Blocked by Eric Gustafsson.
5:39 of 3rd period - Slapshot by Guillaume Brisebois.
5:39 of 3rd period - Deflect By Corey Trivino.
5:39 of 3rd period - Stopped by Joacim Eriksson without a rebound.
5:40 of 3rd period - Danton Heinen wins face-off versus Emil Pettersson in Barracuda zone.
5:49 of 3rd period - Slapshot by Adrian Kempe.
5:49 of 3rd period - Shot Blocked by Brandon Kozun.
5:51 of 3rd period - Snap shot by Danton Heinen.
5:51 of 3rd period - Stopped by Joacim Eriksson with a rebound.
5:53 of 3rd period - Wrist shot by Danton Heinen.
5:53 of 3rd period - Shot Misses the Net.
5:55 of 3rd period - Wrist shot by Corey Trivino.
5:55 of 3rd period - Stopped by Joacim Eriksson with a rebound.
5:57 of 3rd period - Slapshot by Corey Trivino.
5:57 of 3rd period - Stopped by Joacim Eriksson without a rebound.
5:58 of 3rd period - Theodor Blueger wins face-off versus Peter Holland in Barracuda zone.
6:03 of 3rd period - Slapshot by Eric Gustafsson.
6:03 of 3rd period - Shot Blocked by Andrei Mironov.
6:30 of 3rd period - Wrist shot by William Carrier.
6:30 of 3rd period - Shot Misses the Net.
6:44 of 3rd period - Wrist shot by Brandon Pirri.
6:44 of 3rd period - Stopped by Joacim Eriksson with a rebound.
6:46 of 3rd period - Slapshot by Andrei Mironov.
6:46 of 3rd period - Stopped by Joacim Eriksson with a rebound.
6:48 of 3rd period - Slapshot by Peter Holland.
6:48 of 3rd period - Shot Blocked by Samuel Groulx.
6:50 of 3rd period - Wrist shot by Peter Holland.
6:50 of 3rd period - Deflect By Brandon Pirri.
6:50 of 3rd period - Shot Misses the Net.
6:50 of 3rd period - Puck is out of play.
6:51 of 3rd period - Theodor Blueger wins face-off versus Corey Trivino in Barracuda zone.
7:08 of 3rd period - Off-side.
7:09 of 3rd period - Brandon Kozun wins face-off versus Dominic Turgeon in neutral zone.
7:26 of 3rd period - Jiri Sekac is hit by William Carrier and loses puck.
7:38 of 3rd period - Icing by Robin Norell.
7:39 of 3rd period - Cole Ully wins face-off versus Corey Trivino in Barracuda zone.
7:44 of 3rd period - Andrei Mironov is hit by Logan Stanley and loses puck.
8:20 of 3rd period - Brandon Kozun is hit by Scott Wilson.
8:28 of 3rd period - Dylan DeMelo is hit by Brandon Kozun and loses puck.
8:36 of 3rd period - Minor Penalty to Samuel Groulx for Slashing.
8:37 of 3rd period - Emil Pettersson wins face-off versus Corey Trivino in Barracuda zone.
8:46 of 3rd period - Off-side.
8:47 of 3rd period - Emil Pettersson wins face-off versus Corey Trivino in neutral zone.
8:52 of 3rd period - Slapshot by Eric Gustafsson.
8:52 of 3rd period - Shot Blocked by Adrian Kempe.
9:06 of 3rd period - Wrist shot by Danton Heinen.
9:06 of 3rd period - Stopped by Joacim Eriksson with a rebound.
9:08 of 3rd period - Wrist shot by Corey Trivino.
9:08 of 3rd period - Shot Blocked by Eric Gustafsson.
9:10 of 3rd period - Wrist shot by Corey Trivino.
9:10 of 3rd period - Stopped by Joacim Eriksson with a rebound.
9:12 of 3rd period - Slapshot by Andrei Mironov.
9:12 of 3rd period - Stopped by Joacim Eriksson with a rebound.
9:18 of 3rd period - Wrist shot by Adrian Kempe.
9:18 of 3rd period - Stopped by Joacim Eriksson with a rebound.
9:34 of 3rd period - Jerome Gauthier-Leduc is hit by Adrian Kempe.
9:44 of 3rd period - Jerome Gauthier-Leduc is hit by Jack Glover and loses puck.
10:12 of 3rd period - Icing by Andrey Pedan.
10:13 of 3rd period - Corey Trivino wins face-off versus Emil Pettersson in Rocket zone.
10:36 of 3rd period - Penalty to Samuel Groulx is over, Samuel Groulx is back on ice.
10:47 of 3rd period - Wrist shot by Adrian Kempe.
10:47 of 3rd period - Shot Blocked by Eric Gustafsson.
10:49 of 3rd period - Slapshot by Andrei Mironov.
10:49 of 3rd period - Shot Hit the Post.
10:51 of 3rd period - Backhand shot by Andrey Pedan.
10:51 of 3rd period - Stopped by Joacim Eriksson with a rebound.
10:53 of 3rd period - Slapshot by Adrian Kempe.
10:53 of 3rd period - Stopped by Joacim Eriksson without a rebound.
10:54 of 3rd period - Theodor Blueger wins face-off versus Scott Wilson in Barracuda zone.
11:05 of 3rd period - Wrist shot by Justin Shugg.
11:05 of 3rd period - Goal by Justin Shugg - Barracuda : 2 - Rocket : 1.
11:06 of 3rd period - Peter Holland wins face-off versus Theodor Blueger in neutral zone.
11:11 of 3rd period - Snap shot by Scott Wilson.
11:11 of 3rd period - Deflect By Peter Holland.
11:11 of 3rd period - Shot Misses the Net.
11:11 of 3rd period - Puck is out of play.
11:12 of 3rd period - Peter Holland wins face-off versus Theodor Blueger in Barracuda zone.
11:19 of 3rd period - Slapshot by Cole Ully.
11:19 of 3rd period - Shot Misses the Net.
11:41 of 3rd period - Snap shot by William Carrier.
11:41 of 3rd period - Goal by William Carrier - Barracuda : 3 - Rocket : 1.
11:42 of 3rd period - Corey Trivino wins face-off versus Emil Pettersson in neutral zone.
12:06 of 3rd period - Brandon Pirri is hit by Theodor Blueger and loses puck.
12:15 of 3rd period - Slapshot by Eric Gustafsson.
12:15 of 3rd period - Shot Blocked by Dean Kukan.
12:37 of 3rd period - Snap shot by Kyle Platzer.
12:37 of 3rd period - Stopped by Eamon McAdam with a rebound.
12:39 of 3rd period - Wrist shot by Alex Henriksson.
12:39 of 3rd period - Shot Misses the Net.
13:38 of 3rd period - Snap shot by Mario Lucia.
13:38 of 3rd period - Stopped by Eamon McAdam with a rebound.
13:40 of 3rd period - Wrist shot by Mario Lucia.
13:40 of 3rd period - Shot Misses the Net.
13:42 of 3rd period - Slapshot by Noah Gregor.
13:42 of 3rd period - Shot Misses the Net.
13:46 of 3rd period - Snap shot by Drew O'Connor.
13:46 of 3rd period - Shot Misses the Net.
13:48 of 3rd period - Snap shot by Mario Lucia.
13:48 of 3rd period - Stopped by Eamon McAdam with a rebound.
13:50 of 3rd period - Backhand shot by Robin Norell.
13:50 of 3rd period - Shot Misses the Net.
13:52 of 3rd period - Backhand shot by Logan Stanley.
13:52 of 3rd period - Shot Hit the Post.
14:02 of 3rd period - Wrist shot by Noah Gregor.
14:02 of 3rd period - Shot Misses the Net.
14:04 of 3rd period - Slapshot by Robin Norell.
14:04 of 3rd period - Stopped by Eamon McAdam with a rebound.
14:06 of 3rd period - Slapshot by Robin Norell.
14:06 of 3rd period - Shot Blocked by Peter Holland.
14:08 of 3rd period - Snap shot by Robin Norell.
14:08 of 3rd period - Stopped by Eamon McAdam with a rebound.
14:10 of 3rd period - Wrist shot by Mario Lucia.
14:10 of 3rd period - Shot Misses the Net.
14:14 of 3rd period - Snap shot by Mario Lucia.
14:14 of 3rd period - Shot Misses the Net.
14:16 of 3rd period - Slapshot by Logan Stanley.
14:16 of 3rd period - Shot Misses the Net.
14:28 of 3rd period - Slapshot by Drew O'Connor.
14:28 of 3rd period - Shot Misses the Net.
14:30 of 3rd period - Snap shot by Noah Gregor.
14:30 of 3rd period - Shot Blocked by Jack Glover.
14:32 of 3rd period - Slapshot by Robin Norell.
14:32 of 3rd period - Stopped by Eamon McAdam without a rebound.
14:33 of 3rd period - Emil Pettersson wins face-off versus Corey Trivino in Rocket zone.
14:34 of 3rd period - Backhand shot by William Carrier.
14:34 of 3rd period - Shot Blocked by Andrei Mironov.
14:36 of 3rd period - Slapshot by Brandon Kozun.
14:36 of 3rd period - Goal by Brandon Kozun - Barracuda : 4 - Rocket : 1.
14:37 of 3rd period - Emil Pettersson wins face-off versus Corey Trivino in neutral zone.
15:02 of 3rd period - Dean Kukan is hit by Samuel Groulx and loses puck.
15:32 of 3rd period - Snap shot by Kyle Platzer.
15:32 of 3rd period - Stopped by Eamon McAdam without a rebound.
15:33 of 3rd period - Corey Trivino wins face-off versus Emil Pettersson in Rocket zone.
16:33 of 3rd period - Snap shot by Theodor Blueger.
16:33 of 3rd period - Shot Blocked by Peter Holland.
16:35 of 3rd period - Snap shot by Cole Ully.
16:35 of 3rd period - Stopped by Eamon McAdam without a rebound.
16:36 of 3rd period - Cole Ully wins face-off versus Corey Trivino in Rocket zone.
16:49 of 3rd period - Snap shot by Adrian Kempe.
16:49 of 3rd period - Stopped by Joacim Eriksson with a rebound.
16:51 of 3rd period - Snap shot by Adrian Kempe.
16:51 of 3rd period - Goal by Adrian Kempe - Barracuda : 4 - Rocket : 2.
16:52 of 3rd period - Dominic Turgeon wins face-off versus Kyle Platzer in neutral zone.
17:01 of 3rd period - Dominic Turgeon is hit by Samuel Groulx and loses puck.
17:08 of 3rd period - Snap shot by Kyle Platzer.
17:08 of 3rd period - Shot Misses the Net.
17:24 of 3rd period - Snap shot by Adrian Kempe.
17:24 of 3rd period - Shot Misses the Net.
17:26 of 3rd period - Snap shot by Corey Trivino.
17:26 of 3rd period - Shot Misses the Net.
17:28 of 3rd period - Snap shot by Danton Heinen.
17:28 of 3rd period - Shot Misses the Net.
17:30 of 3rd period - Slapshot by Andrey Pedan.
17:30 of 3rd period - Stopped by Joacim Eriksson without a rebound.
17:31 of 3rd period - Kyle Platzer wins face-off versus Karson Kuhlman in Barracuda zone.
17:40 of 3rd period - Snap shot by Alex Henriksson.
17:40 of 3rd period - Stopped by Eamon McAdam with a rebound.
18:09 of 3rd period - Wrist shot by Theodor Blueger.
18:09 of 3rd period - Stopped by Eamon McAdam with a rebound.
18:23 of 3rd period - Icing by Andrey Pedan.
18:24 of 3rd period - Emil Pettersson wins face-off versus Karson Kuhlman in Rocket zone.
18:25 of 3rd period - Slapshot by William Carrier.
18:25 of 3rd period - Stopped by Eamon McAdam without a rebound.
18:26 of 3rd period - Emil Pettersson wins face-off versus Dominic Turgeon in Rocket zone.
19:28 of 3rd period - Snap shot by Jakub Vrana.
19:28 of 3rd period - Stopped by Joacim Eriksson with a rebound.
19:59 of 3rd period - Snap shot by Cole Ully.
19:59 of 3rd period - Shot Misses the Net.
Goals for this period are 3 for Barracuda vs 1 for Rocket.
Shots for this period are 15 for Barracuda vs 20 for Rocket.